AoeStats
← Reynaldo

Arena

508604678Analyzed
4v4 RM · 8d ago on Sep 23, 2026· 50m 14s· 8 players
Game mode
Random Map
Map size
Large (8 player)
Population
200
Speed
Normal
Resources
Standard
Victory
Conquest
Starting age
Dark Age
Ending age
Imperial Age
RankedLock teamsTeams togetherTeam positionsShared explorationLock speedFull tech treeHidden civsTurbo modeCheats
Victory
Defeat
🇨🇳 Franks · China
880
+13
🇨🇳 Huns · China
874
+13
🇨🇳 Bohemians · China
805
+16
🇯🇵 Jurchens · Japan
722
+21
🇱🇻 Turks · Latvia
830
-16
🇬🇧 Britons · United Kingdom
818
-16
🇦🇷 Franks · Argentina
814
-16
🇨🇿 Tatars · Czechia
791
-15
Reynaldo
0:53 Loom
4:06 Loom
11:13 Feudal Age
11:48 Double-Bit Axe
12:42 Wheelbarrow
13:09 Town Watch
20:37 Castle Age
22:04 Bow Saw
23:39 Town Patrol
23:48 Town Patrol
25:03 Fletching
25:53 Bodkin Arrow
29:20 Hand Cart
29:40 Treadmill Crane
30:11 Masonry
32:16 Murder Holes
31:44 Pikeman
32:24 Squires
35:52 Imperial Age
35:02 Arson
37:40 Chemistry
37:12 Architecture
36:52 Capped Ram
39:02 Fortified Wall
40:00 Conscription
40:59 Halberdier
42:46 Siege Engineers
43:15 Scale Mail Armor
43:25 Forging
LoneRanger1994
6:40 Loom
9:23 Feudal Age
10:05 Double-Bit Axe
10:02 Horse Collar
10:18 Gold Mining
20:01 Castle Age
19:46 Fletching
20:02 Padded Archer Armor
21:36 Bodkin Arrow
22:37 Wheelbarrow
22:19 Bow Saw
22:13 Heavy Plow
26:43 Hand Cart
27:26 Town Watch
30:21 Imperial Age
29:05 Crossbowman
31:41 Conscription
32:46 Gold Shaft Mining
33:07 Ballistics
33:04 Siege Engineers
34:00 Chemistry
34:36 Two-Man Saw
34:14 Bracer
34:30 Leather Archer Armor
34:34 Pikeman
37:23 Elite Longbowman
39:02 Ring Archer Armor
38:35 Murder Holes
39:52 Yeomen
40:12 Hoardings
40:33 Halberdier
41:14 Squires
41:00 Gambesons
42:55 Warwolf
44:20 Arson
46:50 Forging
46:41 Scale Mail Armor
49:37 Chain Mail Armor
49:57 Iron Casting
[UBC] Lobo
0:26 Loom
11:58 Feudal Age
12:36 Horse Collar
12:43 Double-Bit Axe
13:36 Wheelbarrow
15:50 Gold Mining
22:54 Castle Age
21:29 Arson
22:33 Fletching
22:54 Forging
24:02 Heavy Plow
24:24 Bodkin Arrow
24:53 Squires
26:36 Bow Saw
26:20 Pikeman
28:13 Iron Casting
29:50 Stone Mining
30:39 Gold Shaft Mining
30:35 Bloodlines
32:46 Hand Cart
34:51 Fervor
34:04 Elite Skirmisher
37:44 Scale Barding Armor
37:40 Scale Mail Armor
37:41 Padded Archer Armor
39:28 Chain Barding Armor
43:32 Imperial Age
42:09 Leather Archer Armor
42:38 Ballistics
42:30 Masonry
42:34 Fortified Wall
42:42 Caravan
45:01 Halberdier
46:51 Heavy Camel Rider
AE75
9:36 Feudal Age
10:03 Double-Bit Axe
18:26 Castle Age
16:18 Horse Collar
17:46 Stone Mining
17:44 Loom
18:35 Wheelbarrow
21:18 Heavy Plow
21:32 Bow Saw
29:39 Imperial Age
27:35 Gold Mining
28:39 Hand Cart
29:28 Gold Shaft Mining
29:06 Fortified Wall
29:09 Town Watch
31:34 Two-Man Saw
31:40 Bombard Tower
32:22 Conscription
32:16 Town Patrol
32:50 Squires
38:38 Scale Mail Armor
38:49 Forging
38:50 Arrowslits
39:01 Murder Holes
39:17 Masonry
38:58 Heated Shot
45:21 Architecture
豚マソ
2:31 Loom
15:39 Feudal Age
16:56 Horse Collar
17:04 Double-Bit Axe
18:34 Gold Mining
18:35 Stone Mining
21:06 Castle Age
22:33 Bow Saw
22:55 Padded Archer Armor
23:38 Heavy Plow
25:10 Treadmill Crane
25:52 Ballistics
27:20 Siege Engineers
28:57 Wheelbarrow
30:25 Hand Cart
33:49 Imperial Age
32:05 Arson
32:20 Squires
32:06 Gambesons
32:35 Forging
32:26 Scale Mail Armor
32:41 Leather Archer Armor
32:40 Masonry
33:16 Town Watch
34:11 Iron Casting
34:18 Stone Shaft Mining
34:18 Gold Shaft Mining
35:50 Two-Man Saw
35:23 Crop Rotation
35:09 Town Patrol
35:36 Conscription
37:09 Chemistry
36:42 Architecture
36:43 Heavy Rocket Cart
37:04 Elite Fire Lancer
38:19 Ring Archer Armor
38:04 Chain Mail Armor
39:56 Blast Furnace
40:00 Fletching
41:34 Thunderclap Bombs
76561199017414489
10:29 Feudal Age
14:21 Castle Age
12:48 Double-Bit Axe
16:01 Bow Saw
25:29 Stone Mining
25:30 Gold Mining
29:37 Gold Shaft Mining
31:02 Scale Barding Armor
31:07 Forging
33:03 Chain Barding Armor
33:18 Iron Casting
35:20 Imperial Age
33:28 Wheelbarrow
32:41 Town Watch
32:43 Loom
33:17 Husbandry
35:35 Cavalier
36:37 Conscription
36:57 Plate Barding Armor
37:23 Blast Furnace
36:48 Paladin
48:56 Hand Cart
hayate kokoa
0:41 Loom
11:46 Feudal Age
16:21 Castle Age
14:57 Double-Bit Axe
17:56 Horse Collar
20:02 Fervor
24:05 Heavy Plow
29:27 Imperial Age
27:52 Wheelbarrow
27:02 Town Watch
29:01 Hand Cart
30:45 Chemistry
30:44 Conscription
32:08 Bow Saw
31:53 Arson
32:09 Squires
31:29 Pikeman
34:18 Wagenburg Tactics
37:45 Halberdier
39:28 Padded Archer Armor
39:39 Forging
39:29 Scale Mail Armor
39:46 Elite Hussite Wagon
40:32 Wagenburg Tactics
41:46 Siege Engineers
41:52 Fortified Wall
43:47 Leather Archer Armor
46:32 Two-Man Saw
45:45 Houfnice
47:23 Masonry
47:45 Ring Archer Armor
小菜机
10:34 Feudal Age
15:02 Castle Age
13:21 Double-Bit Axe
24:33 Husbandry
24:44 Scale Barding Armor
25:54 Forging
26:20 Man-at-Arms
28:08 Long Swordsman
32:15 Imperial Age
30:51 Iron Casting
32:59 Chain Barding Armor
33:34 Wheelbarrow
34:34 Hand Cart
33:59 Elite Tarkan
34:44 Marauders
38:01 Blast Furnace
37:38 Plate Barding Armor
39:00 Caravan
42:24 Conscription
Connection lost

Rejoining the realm…

Still unreachable

The connection could not be restored.

Session expired

The server has moved on; the page needs a fresh start.